AoeStats
← gctopman

Arena

504790340Analyzed
1v1 RM · 24d ago on Sep 6, 2026· 47m 20s· 2 players
Game mode
Random Map
Map size
Tiny (2 player)
Population
200
Speed
Normal
Resources
Standard
Victory
Conquest
Starting age
Dark Age
Ending age
Imperial Age
RankedLock teamsTeams togetherTeam positionsShared explorationLock speedFull tech treeHidden civsTurbo modeCheats
Victory
Defeat
🇹🇷 Cumans · Türkiye
591
+16
🇬🇧 Burgundians · United Kingdom
585
-26
gctopman
8:06 Wheelbarrow
10:00 Double-Bit Axe
12:00 Feudal Age
13:11 Bow Saw
14:43 Horse Collar
15:41 Heavy Plow
19:47 Hand Cart
19:41 Scale Mail Armor
19:46 Arson
19:58 Man-at-Arms
22:39 Town Watch
25:49 Castle Age
26:52 Husbandry
26:17 Light Cavalry
28:09 Fervor
33:48 Fortified Wall
34:30 Squires
33:53 Cavalier
36:26 Atonement
37:21 Crop Rotation
37:56 Two-Man Saw
37:16 Pikeman
37:54 Stone Mining
39:50 Long Swordsman
46:14 Chain Mail Armor
46:10 Forging
selimufukakpinar
11:27 Feudal Age
15:52 Double-Bit Axe
20:21 Castle Age
19:41 Wheelbarrow
19:23 Horse Collar
22:00 Hand Cart
23:45 Heavy Plow
24:08 Stone Mining
24:45 Bow Saw
25:54 Squires
26:59 Pikeman
27:33 Gold Mining
29:36 Elite Skirmisher
32:55 Gold Shaft Mining
38:45 Imperial Age
36:42 Murder Holes
36:57 Masonry
37:31 Forging
37:22 Scale Mail Armor
39:08 Iron Casting
39:32 Chain Mail Armor
39:51 Conscription
40:08 Hoardings
38:56 Elite Kipchak
39:40 Cuman Mercenaries
39:41 Steppe Husbandry
39:37 Town Watch
40:27 Crop Rotation
41:02 Two-Man Saw
39:39 Halberdier
42:02 Town Patrol
43:35 Blast Furnace
43:06 Plate Mail Armor
42:37 Padded Archer Armor
42:28 Fletching
42:46 Scale Barding Armor
43:46 Chemistry
43:12 Ballistics
44:38 Onager
44:40 Capped Ram
44:48 Cavalier
Connection lost

Rejoining the realm…

Still unreachable

The connection could not be restored.

Session expired

The server has moved on; the page needs a fresh start.